 Dungeon Crawl Stone Soup version 0.26.1-11-gd32895ea62 (webtiles) character file.

Game seed: 16068716450918018422

9243 alphawulf the Basher (level 11, 0/84 HPs)
             Began as a Demonspawn Berserker on May 12, 2021.
             Was a High Priest of Trog.
             Succumbed to Sonja's curare-tipped dart
             ... on level 11 of the Dungeon on May 26, 2021.
             The game lasted 00:33:32 (12174 turns).

alphawulf the Basher (Demonspawn Berserker)        Turns: 12174, Time: 00:33:33

Health: 0/84       AC: 19    Str: 21    XL:     11   Next: 20%
Magic:  11/11      EV: 10    Int:  6    God:    Trog [*****.]
Gold:   503        SH:  0    Dex: 13    Spells: 10/10 levels left

rFire    . . .     SeeInvis .   a - +2 great sword (freeze)
rCold    + . .     Faith    .   (shield currently unavailable)
rNeg     . . .     Spirit   .   t - +0 plate armour
rPois    .         Reflect  .   q - +1 helmet
rElec    .         Harm     .   y - +0 cloak
rCorr    .         Rampage  .   o - +1 pair of gloves
Will     .....                  (boots unavailable)
Stlth    ..........             (no amulet)
HPRegen  0.24/turn              (no ring)
MPRegen  0.12/turn              (no ring)

@: lethally poisoned (0 -> -12), berserk cooldown, slowed, very slow
A: hooves 3, cold resistance 1, demonic guardian 1, dopey 1, spiny 1, MP-powered
wands, sturdy frame 2
a: Renounce Religion, Berserk, Trog's Hand, Brothers in Arms


You were on level 11 of the Dungeon.
You worshipped Trog.
Trog was extremely pleased with you.
You visited 1 branch of the dungeon, and saw 11 of its levels.

You collected 665 gold pieces.
You spent 162 gold pieces at shops.

Inventory:

Hand Weapons
 a - a +2 great sword of freezing (weapon)
 b - a +0 shortbow
 B - a +2 antimagic great mace
Missiles
 f - 61 arrows
Armour
 o - a +1 pair of gloves (worn)
 q - a +1 helmet (worn)
 t - a +0 plate armour (worn)
 y - a +0 cloak (worn)
Wands
 e - a wand of disintegration (14)
 m - a wand of random effects (45)
 p - a wand of flame (27)
 v - a wand of acid (18)
 A - a wand of digging (6)
Scrolls
 k - 2 scrolls of identify
 s - 2 scrolls of magic mapping {unknown}
 u - a scroll of enchant weapon
 w - 4 scrolls of remove curse
 x - a scroll of teleportation
Potions
 c - a potion of berserk rage
 d - 3 potions of magic
 g - 3 potions of brilliance
 h - 3 potions of lignification
 i - a potion of flight
 j - 4 potions of haste
 l - 6 potions of curing
 n - a potion of invisibility
 r - 4 potions of attraction
 C - a potion of might


   Skills:
 * Level 7.5 Fighting
 * Level 7.3 Long Blades
 - Level 8.9 Maces & Flails
 * Level 5.7 Bows
 * Level 7.3 Armour
 + Level 3.6 Dodging
 + Level 0.4 Evocations


You had 10 spell levels left.
You didn't know any spells.
Your spell library was empty.

Dungeon Overview and Level Annotations

Branches:
Dungeon (11/15)            Temple (0/1) D:4            Lair (0/6) D:8
    Orc: D:9-12

Altars:
Nemelex Xobeh
Okawaru
Sif Muna
Uskayaw
Yredelemnul
Zin
The Shining One

Shops:
D:7 *   D:10 !

Annotations:
D:11 Grum, Sonja


Innate Abilities, Weirdness & Mutations

You have hooves in place of feet.
A weak demonic guardian rushes to your aid.
You are partially covered in sharp spines.
Your movements are less encumbered by armour. (ER -4)
Your flesh is cold resistant. (rC+)
You are dopey. (Int -2)
You expend magic power (3 MP) to strengthen your wands.


Message History

The hornet stings you but does no damage.
Grum closely misses you.
You miss the hornet.
The hornet is almost dead.
You feel sick. The hornet is struck by your spines.
You kill the hornet!
Trog accepts your kill. Grum hits you but does no damage. x2
You feel sick.
You feel sick.
Your iron imp closely misses Grum.
Grum closely misses you.
Sonja mumbles some strange words.
Sonja blinks!
Your iron imp misses Grum.
Sonja throws a curare-tipped dart.
The curare-tipped dart closely misses your iron imp.
The curare-tipped dart hits you.
You are lethally poisoned!
You have difficulty breathing.
* * * LOW HITPOINT WARNING * * *
You feel as though you will be slow longer.
You see here a curare-tipped dart.
You die...

#..# .........(.#####
#(##...............#
#(†..# #####<......#
##.K###### #...)...#
#.((...†.# #.......#
....######.######.#####
#### #.K.5###....#
####g.(.###.#
####@....# #######


You could see Grum, Sonja and a friendly iron imp (summoned).

Vanquished Creatures
  Erolcha (D:9)
  A two-headed ogre (D:9)
  Pikel (D:5)
  Maurice (D:8)
  2 kobold demonologists (D:10)
  A troll (D:10)
  2 hornets
  Grinder (D:3)
  An orc warrior (D:9)
  3 sky beasts
  An ice beast (D:6)
  2 ogres
  4 centaurs
  2 necrophages
  2 phantoms
  2 wolves (D:11)
  A lemure (D:5)
  An elf zombie (D:4)
  3 big kobolds (D:10)
  6 bullfrogs
  A gnoll sergeant (D:10)
  An elf skeleton (D:4)
  6 killer bees (D:8)
  3 scorpions
  20 wights
  3 howler monkeys
  3 hounds
  A quasit (D:8)
  5 orc priests
  3 centaur skeletons
  2 centaur zombies
  2 jellies
  A bullfrog skeleton (D:5)
  A human zombie (D:4)
  7 orc wizards
  A human skeleton (D:4)
  3 iguanas
  8 worker ants
  A killer bee zombie (D:9)
  2 hound zombies
  2 hound skeletons
  A howler monkey zombie (D:10)
  8 gnolls
  11 adders
  2 shadow imps
  4 white imps
  2 ufetubi
  2 oozes
  2 adder skeletons
  2 adder zombies
  5 worms
  2 dart slugs
  7 leopard geckos
  31 orcs
  5 bats
  6 giant cockroaches
  6 goblins
  7 hobgoblins
  5 jackals
  11 kobolds
  9 quokkas
  A ball python (D:4)
  A ball python skeleton (D:6)
  7 frilled lizards
  A jackal skeleton (D:6)
  2 orc zombies (D:4)
  A quokka skeleton (D:4)
  8 rats
263 creatures vanquished.

Vanquished Creatures (collateral kills)
  A centaur zombie (D:10)
  A hound (D:9)
2 creatures vanquished.

Vanquished Creatures (others)
  A sky beast (D:10)
1 creature vanquished.

Grand Total: 266 creatures vanquished

Notes
Turn   | Place    | Note
-------+----------+-------------------------------------------
     0 | D:1      | alphawulf the Demonspawn Berserker began the quest for the
                  | Orb.
     0 | D:1      | Reached XP level 1. HP: 18/18 MP: 1/1
   519 | D:1      | Gained mutation: Your movements are slightly less
                  | encumbered by armour. (ER -2) [demonic ancestry]
   519 | D:1      | Reached XP level 2. HP: 13/24 MP: 2/2
  1053 | D:1      | Reached skill level 3 in Maces & Flails
  2089 | D:2      | Gained mutation: You have large cloven feet. [demonic
                  | ancestry]
  2089 | D:2      | Reached XP level 3. HP: 23/29 MP: 3/3
  3262 | D:3      | Noticed Grinder
  3280 | D:3      | Paralysed by Grinder for 3 turns
  3646 | D:3      | Killed Grinder
  3647 | D:3      | Reached skill level 4 in Maces & Flails
  3647 | D:3      | Gained mutation: You are partially covered in sharp spines.
                  | [demonic ancestry]
  3647 | D:3      | Reached XP level 4. HP: 37/37 MP: 4/4
  3647 | D:3      | Reached XP level 5. HP: 42/42 MP: 5/5
  3860 | D:3      | Reached XP level 6. HP: 48/48 MP: 6/6
  3957 | D:3      | Reached ** piety under Trog
  3966 | D:3      | Reached skill level 5 in Maces & Flails
  4510 | D:4      | Found a staircase to the Ecumenical Temple.
  5367 | D:4      | Gained mutation: You have hoof-like feet. [demonic
                  | ancestry]
  5367 | D:4      | Reached XP level 7. HP: 44/55 MP: 7/7
  5693 | D:5      | Entered Level 5 of the Dungeon
  5701 | D:5      | Reached skill level 6 in Maces & Flails
  6085 | D:5      | Reached *** piety under Trog
  6175 | D:5      | Noticed Pikel
  6199 | D:5      | Killed Pikel
  6200 | D:5      | Reached skill level 5 in Fighting
  6200 | D:5      | Reached skill level 7 in Maces & Flails
  6200 | D:5      | Gained mutation: You have hooves in place of feet. [demonic
                  | ancestry]
  6200 | D:5      | Reached XP level 8. HP: 58/62 MP: 8/8
  6830 | D:6      | Reached skill level 8 in Maces & Flails
  6836 | D:6      | Reached skill level 5 in Armour
  7063 | D:6      | Found an iron altar of Okawaru.
  7153 | D:6      | Reached XP level 9. HP: 61/66 MP: 9/9
  7508 | D:6      | Found a glowing golden altar of the Shining One.
  7771 | D:7      | Reached **** piety under Trog
  7942 | D:7      | Found a sparkling altar of Nemelex Xobeh.
  8056 | D:7      | Found a hide-covered altar of Uskayaw.
  8133 | D:7      | Found Vaduytha's General Store.
  8143 | D:7      | Found a basalt altar of Yredelemnul.
  8144 | D:7      | Found a shimmering blue altar of Sif Muna.
  8145 | D:7      | Found a glowing silver altar of Zin.
  8149 | D:7      | Bought a potion of flight for 45 gold pieces
  8566 | D:8      | Noticed Maurice
  8745 | D:8      | Reached skill level 1 in Long Blades
  8745 | D:8      | Reached skill level 1 in Bows
  8774 | D:8      | Killed Maurice
  9081 | D:8      | Found a staircase to the Lair.
  9431 | D:9      | Found an iron altar of Okawaru.
  9514 | D:9      | Gained mutation: A weak demonic guardian rushes to your
                  | aid. [demonic ancestry]
  9514 | D:9      | Reached XP level 10. HP: 41/77 MP: 10/10
  9692 | D:9      | Noticed Erolcha
  9705 | D:9      | Killed Erolcha
 10063 | D:9      | Noticed a two-headed ogre
 10070 | D:9      | Killed a two-headed ogre
 10071 | D:9      | Reached skill level 5 in Long Blades
 10191 | D:9      | Reached ***** piety under Trog
 10609 | D:10     | Entered Level 10 of the Dungeon
 11042 | D:10     | Reached skill level 5 in Bows
 11177 | D:10     | Noticed an orange demon
 11210 | D:10     | Gained mutation: Your movements are less encumbered by
                  | armour. (ER -4) [demonic ancestry]
 11210 | D:10     | Reached XP level 11. HP: 71/84 MP: 11/11
 11410 | D:10     | Received a gift from Trog
 11963 | D:10     | Found Aguaneco's Distillery.
 11971 | D:10     | Bought a potion of might for 52 gold pieces
 11971 | D:10     | Bought a potion of heal wounds for 65 gold pieces
 11973 | D:10     | Gained mutation: You expend magic power (3 MP) to
                  | strengthen your wands. [potion of mutation]
 11973 | D:10     | Gained mutation: You are dopey. (Int -2) [potion of
                  | mutation]
 11973 | D:10     | Gained mutation: Your flesh is cold resistant. (rC+)
                  | [potion of mutation]
 12146 | D:11     | Noticed Sonja
 12149 | D:11     | Noticed Grum
 12161 | D:11     | Paralysed by a hornet for 1 turns
 12173 | D:11     | HP: 3/84 [asphyx]
 12174 | D:11     | Succumbed to Sonja's curare-tipped dart

Illustrated notes

Levels and vault maps discovered:
D:1:      amcnicky_arrival_wind_blow, layout_basic
D:2:      layout_basic, grunt_decor_mini_mirrors
D:3:      wad_pebble_path, layout_loops_ring, hangedman_feature_mirror,
          uniq_grinder
D:4:      layout_rooms, minmay_temple_entry_drinking_statues,
          nicolae_ossuary_entry_catacombs
D:5:      layout_loops_ring, uniq_pikel
D:6:      layout_rooms, okawaru_trees_1, lemuel_doored_altar
D:7:      layout_loops_ring, kennysheep_little_box,
          chequers_temple_overflow_statue_of_worship, kennysheep_mini_moat,
          serial_shops, shop
D:8:      layout_basic, lair_entry_dummy, minmay_misc_feat_plants, uniq_maurice
D:9:      layout_rooms, basic_altar, uniq_erolcha
D:10:     layout_irregular_city, serial_shops, shop, chequers_arboretum,
          lightli_fourway_metalbox
D:11:     layout_rooms, orc_0_dummy, the_bakery, uniq_sonja, uniq_fannar,
          uniq_grum

Skill      XL: |  1  2  3  4  5  6  7  8  9 10 11 |
---------------+----------------------------------+-----
Maces & Flails | 3 4 5 7 8 |  8.9
Armour         | 2 3 4 5 6 7 |  7.3
Dodging        | 2 3 |  3.6
Fighting       | 4 5 6 7 |  7.5
Long Blades    | 3 6 7 |  7.3
Bows           | 3 5 |  5.7
Evocations     | |  0.4

Action                   |  1- 3 |  4- 6 |  7- 9 | 10-12 || total
-------------------------+-------+-------+-------+-------++-------
Melee: Mace              |   119 |    96 |    99 |       ||   314
       Kick              |    20 |    31 |    72 |    41 ||   164
       Morningstar       |       |       |    56 |       ||    56
       Great sword       |       |       |    64 |   138 ||   202
 Fire: Shortbow          |       |       |    33 |    91 ||   124
Invok: Berserk           |     3 |       |     3 |     3 ||     9
Evoke: Wand              |       |       |     2 |       ||     2
  Use: Scroll            |     7 |     3 |    12 |     2 ||    24
       Potion            |       |       |       |     2 ||     2
Armor: Animal skin       |    24 |       |       |       ||    24
       Ring mail         |       |    33 |    25 |       ||    58
       Plate armour      |       |       |   109 |   120 ||   229
Dodge: Dodged            |    94 |    49 |   124 |    89 ||   356
       Rpst.: Great sword |       |       |    13 |    20 ||    33
